2337 views
Uploaded 2022-06-20 16:34:15
Game version 1.32.10
40:40 long 4on4 ladder game on (8)TwilightRuins_LV
Saved by GIGA
2337 views
Uploaded 2022-06-20 16:34:15
Game version 1.32.10
40:40 long 4on4 ladder game on (8)TwilightRuins_LV


148 units @ 16k
/ 2.6k
204 buildings @ 16.4k
/ 7.4k


| Peasant | 12 | 900 | / | 0 |
| Flying Machine | 17 | 1700 | / | 510 |
| Dragonhawk Rider | 2 | 400 | / | 60 |
| total: | 31 | 3000g | / | 570w |
| Scout Tower | 3 | 90 | / | 60 |
| Arcane Tower | 1 | 70 | / | 50 |
| Guard Tower | 1 | 70 | / | 50 |
| Altar of Kings | 3 | 540 | / | 150 |
| Farm | 22 | 1760 | / | 440 |
| Lumber Mill | 2 | 240 | / | 0 |
| Blacksmith | 1 | 140 | / | 60 |
| Arcane Vault | 1 | 130 | / | 30 |
| Workshop | 3 | 420 | / | 420 |
| Gryphon Aviary | 1 | 140 | / | 150 |
| Keep | 1 | 320 | / | 210 |
| Castle | 1 | 360 | / | 210 |
| total: | 36 | 3460g | / | 1310w |
| 0:09 | Altar of Kings |
| 0:11 | Peasant |
| 0:11 | Peasant |
| 0:11 | Peasant |
| 0:11 | Peasant |
| 0:31 | Farm |
| 0:32 | Farm |
| 0:34 | Farm |
| 0:35 | Farm |
| 0:36 | Farm |
| 1:10 | Lumber Mill |
| 1:14 | Scout Tower |
| 1:25 | Peasant |
| 1:25 | Peasant |
| 1:25 | Peasant |
| 1:49 | Scout Tower |
| 1:50 | Scout Tower |
| 1:53 | Peasant |
| 1:53 | Peasant |
| 1:53 | Peasant |
| 2:17 | Storm Bolt |
| 2:21 | Arcane Tower |
| 2:36 | Improved Lumber Harvesting |
| 2:39 | Peasant |
| 2:39 | Peasant |
| 2:51 | Blacksmith |
| 3:27 | Keep |
| 3:32 | Guard Tower |
| 3:50 | Improved Masonry |
| 4:10 | Black Gunpowder |
| 4:11 | Iron Plating |
| 4:41 | Arcane Vault |
| 5:26 | Farm |
| 5:27 | Farm |
| 5:29 | Farm |
| 5:30 | Farm |
| 5:30 | Farm |
| 5:32 | Farm |
| 5:58 | Refined Gunpowder |
| 6:09 | Advanced Lumber Harvesting |
| 6:12 | Castle |
| 6:31 | Workshop |
| 6:35 | Workshop |
| 6:37 | Workshop |
| 6:57 | Steel Plating |
| 7:23 | Gryphon Aviary |
| 7:40 | Farm |
| 7:41 | Farm |
| 7:41 | Farm |
| 8:04 | Flak Cannons |
| 8:49 | Flying Machine Bombs |
| 9:09 | Cloud |
| 9:11 | Imbued Gunpowder |
| 9:35 | Holy Light |
| 9:38 | Mithril Plating |
| 10:16 | Flying Machine |
| 10:16 | Flying Machine |
| 10:16 | Flying Machine |
| 10:16 | Flying Machine |
| 10:16 | Flying Machine |
| 10:17 | Flying Machine |
| 10:17 | Flying Machine |
| 10:17 | Flying Machine |
| 10:27 | Dragonhawk Rider |
| 10:27 | Dragonhawk Rider |
| 10:31 | Flying Machine |
| 11:20 | Flying Machine |
| 11:20 | Flying Machine |
| 11:20 | Flying Machine |
| 11:20 | Flying Machine |
| 11:37 | Flying Machine |
| 11:53 | Advanced Masonry |
| 12:22 | Flying Machine |
| 12:22 | Flying Machine |
| 27:40 | Farm |
| 27:41 | Farm |
| 27:42 | Farm |
| 27:43 | Farm |
| 27:44 | Farm |
| 27:44 | Farm |
| 28:01 | Lumber Mill |
| 32:45 | Flying Machine |
| 36:25 | Altar of Kings |
| 36:34 | Altar of Kings |
| 39:00 | Farm |
| 39:01 | Farm |
| Right click | 1841 |
| Select group | 1693 |
| Select | 205 |
| Chat | 93 |
| Build/train/purchase | 53 |
| Use ability | 16 |
| Assign group | 15 |
| Minimap ping | 14 |
| Remove unit | 1 |



| Peasant | 32 | 2400 | / | 0 |
| Dragonhawk Rider | 8 | 1600 | / | 240 |
| Sorceress | 4 | 620 | / | 80 |
| total: | 44 | 4620g | / | 320w |
| Scout Tower | 60 | 1800 | / | 1200 |
| Arcane Tower | 10 | 700 | / | 500 |
| Guard Tower | 14 | 980 | / | 700 |
| Altar of Kings | 2 | 360 | / | 100 |
| Farm | 13 | 1040 | / | 260 |
| Lumber Mill | 1 | 120 | / | 0 |
| Arcane Vault | 1 | 130 | / | 30 |
| Blacksmith | 1 | 140 | / | 60 |
| Barracks | 1 | 160 | / | 60 |
| Town Hall | 3 | 1155 | / | 615 |
| Cannon Tower | 4 | 480 | / | 400 |
| Arcane Sanctum | 1 | 150 | / | 140 |
| Gryphon Aviary | 1 | 140 | / | 150 |
| Workshop | 2 | 280 | / | 280 |
| Keep | 1 | 320 | / | 210 |
| Castle | 1 | 360 | / | 210 |
| total: | 86 | 5475g | / | 2895w |
| 0:03 | Peasant |
| 0:03 | Peasant |
| 0:07 | Altar of Kings |
| 0:10 | Farm |
| 0:10 | Farm |
| 0:16 | Peasant |
| 0:34 | Peasant |
| 0:37 | Peasant |
| 0:52 | Peasant |
| 0:52 | Peasant |
| 1:05 | Peasant |
| 1:13 | Scout Tower |
| 1:22 | Peasant |
| 1:28 | Lumber Mill |
| 1:38 | Peasant |
| 1:38 | Peasant |
| 1:43 | Arcane Tower |
| 1:49 | Peasant |
| 1:56 | Peasant |
| 2:23 | Peasant |
| 2:23 | Peasant |
| 2:36 | Peasant |
| 2:55 | Storm Bolt |
| 3:12 | Scout Tower |
| 3:13 | Scout Tower |
| 3:14 | Scout Tower |
| 3:14 | Scout Tower |
| 3:15 | Scout Tower |
| 3:16 | Scout Tower |
| 3:17 | Scout Tower |
| 3:17 | Scout Tower |
| 3:18 | Scout Tower |
| 3:19 | Scout Tower |
| 3:20 | Scout Tower |
| 3:21 | Scout Tower |
| 3:23 | Scout Tower |
| 3:25 | Scout Tower |
| 3:26 | Scout Tower |
| 3:26 | Scout Tower |
| 3:27 | Scout Tower |
| 3:28 | Scout Tower |
| 3:33 | Improved Lumber Harvesting |
| 3:55 | Keep |
| 3:56 | Improved Masonry |
| 4:07 | Guard Tower |
| 4:17 | Arcane Tower |
| 4:20 | Arcane Tower |
| 4:27 | Scout Tower |
| 4:32 | Scout Tower |
| 4:38 | Arcane Tower |
| 4:55 | Guard Tower |
| 5:01 | Guard Tower |
| 5:12 | Guard Tower |
| 5:18 | Arcane Tower |
| 5:23 | Scout Tower |
| 5:24 | Scout Tower |
| 5:26 | Scout Tower |
| 5:28 | Scout Tower |
| 5:28 | Scout Tower |
| 5:29 | Scout Tower |
| 5:31 | Scout Tower |
| 5:31 | Scout Tower |
| 5:32 | Scout Tower |
| 5:32 | Scout Tower |
| 5:34 | Scout Tower |
| 5:34 | Scout Tower |
| 5:36 | Scout Tower |
| 5:37 | Scout Tower |
| 5:37 | Scout Tower |
| 5:38 | Scout Tower |
| 6:16 | Guard Tower |
| 6:20 | Arcane Tower |
| 6:47 | Farm |
| 6:53 | Advanced Masonry |
| 6:54 | Castle |
| 7:01 | Arcane Tower |
| 7:07 | Guard Tower |
| 7:13 | Arcane Tower |
| 7:44 | Arcane Sanctum |
| 7:51 | Gryphon Aviary |
| 7:55 | Guard Tower |
| 7:58 | Guard Tower |
| 8:00 | Guard Tower |
| 8:08 | Arcane Vault |
| 8:10 | Guard Tower |
| 8:25 | Guard Tower |
| 8:33 | Scout Tower |
| 8:35 | Scout Tower |
| 8:36 | Scout Tower |
| 8:37 | Scout Tower |
| 8:44 | Scout Tower |
| 8:46 | Scout Tower |
| 8:47 | Scout Tower |
| 8:47 | Scout Tower |
| 9:00 | Magic Sentry |
| 9:03 | Guard Tower |
| 9:08 | Blacksmith |
| 9:17 | Barracks |
| 9:46 | Cloud |
| 9:51 | Sorceress Adept Training |
| 10:50 | Town Hall |
| 10:57 | Animal War Training |
| 10:58 | Imbued Masonry |
| 11:00 | Studded Leather Armor |
| 11:12 | Dragonhawk Rider |
| 11:12 | Dragonhawk Rider |
| 11:17 | Dragonhawk Rider |
| 11:21 | Farm |
| 11:39 | Farm |
| 11:45 | Farm |
| 11:50 | Farm |
| 11:53 | Farm |
| 12:00 | Reinforced Leather Armor |
| 12:14 | Peasant |
| 12:14 | Peasant |
| 12:26 | Sorceress Master Training |
| 12:27 | Sorceress |
| 12:27 | Sorceress |
| 12:49 | Workshop |
| 13:05 | Workshop |
| 13:19 | Dragonhide Armor |
| 13:19 | Iron Forged Swords |
| 13:30 | Dragonhawk Rider |
| 13:31 | Dragonhawk Rider |
| 13:45 | Cannon Tower |
| 13:48 | Cannon Tower |
| 13:53 | Cannon Tower |
| 14:29 | Holy Light |
| 14:37 | Arcane Tower |
| 14:39 | Arcane Tower |
| 14:41 | Guard Tower |
| 15:07 | Fragmentation Shards |
| 15:17 | Scout Tower |
| 15:18 | Scout Tower |
| 15:20 | Scout Tower |
| 15:21 | Scout Tower |
| 15:27 | Scout Tower |
| 15:30 | Scout Tower |
| 15:32 | Scout Tower |
| 15:34 | Scout Tower |
| 15:35 | Scout Tower |
| 15:36 | Scout Tower |
| 15:37 | Scout Tower |
| 15:41 | Scout Tower |
| 16:03 | Altar of Kings |
| 17:25 | Steel Forged Swords |
| 17:42 | Scout Tower |
| 17:43 | Scout Tower |
| 17:51 | Scout Tower |
| 17:54 | Peasant |
| 17:54 | Peasant |
| 17:54 | Peasant |
| 17:54 | Peasant |
| 17:55 | Peasant |
| 18:40 | Guard Tower |
| 18:44 | Cannon Tower |
| 18:57 | Farm |
| 19:01 | Farm |
| 19:03 | Farm |
| 20:31 | Brilliance Aura |
| 24:19 | Farm |
| 24:53 | Town Hall |
| 25:02 | Town Hall |
| 29:02 | Blizzard |
| 29:04 | Holy Light |
| 30:19 | Peasant |
| 30:19 | Peasant |
| 30:19 | Peasant |
| 30:21 | Peasant |
| 31:34 | Peasant |
| 31:35 | Peasant |
| 31:43 | Peasant |
| 33:26 | Peasant |
| 33:26 | Peasant |
| 34:33 | Sorceress |
| 34:33 | Sorceress |
| 35:54 | Dragonhawk Rider |
| 35:55 | Dragonhawk Rider |
| 35:55 | Dragonhawk Rider |
| 36:05 | Farm |
| 40:09 | Brilliance Aura |
| 40:22 | Storm Bolt |
| Right click | 1378 |
| Select | 476 |
| Build/train/purchase | 137 |
| Chat | 110 |
| Select group | 109 |
| Use ability | 58 |
| Misc. action | 26 |
| Minimap ping | 23 |
| Assign group | 16 |
| Esc | 12 |
| Resource trade | 7 |
Cabeelibob
(194)
(39:50) : 
| Healing Salve | 1 | 100 |
| Lesser Clarity Potion | 1 | 70 |
| Orb of Lightning | 1 | 375 |
| Boots of Speed | 1 | 250 |
| Staff of Teleportation | 1 | 150 |
| Cloak of Flames | 1 | 500 |
| Pendant of Energy | 1 | 300 |
| Legion Doom-Horn | 1 | 500 |
| Khadgar's Pipe of Insight | 1 | 500 |
| Replenishment Potion | 1 | 150 |
| total: | 10 | 2895g |
| Peon | 16 | 1200 | / | 0 |
| Troll Witch Doctor | 4 | 580 | / | 100 |
| Kodo Beast | 2 | 510 | / | 120 |
| total: | 22 | 2290g | / | 220w |
| Watch Tower | 1 | 110 | / | 80 |
| Altar of Storms | 2 | 360 | / | 100 |
| Orc Burrow | 6 | 960 | / | 240 |
| Voodoo Lounge | 2 | 260 | / | 60 |
| War Mill | 2 | 410 | / | 0 |
| Great Hall | 2 | 770 | / | 370 |
| Spirit Lodge | 1 | 150 | / | 150 |
| Beastiary | 1 | 145 | / | 140 |
| Stronghold | 1 | 315 | / | 190 |
| Fortress | 1 | 325 | / | 190 |
| total: | 17 | 3165g | / | 1140w |
| 0:03 | Altar of Storms |
| 0:08 | Orc Burrow |
| 0:12 | Peon |
| 0:27 | Peon |
| 0:40 | Peon |
| 0:52 | Peon |
| 1:03 | Peon |
| 1:10 | Peon |
| 1:15 | Voodoo Lounge |
| 1:18 | Peon |
| 2:06 | Peon |
| 2:06 | Peon |
| 2:09 | War Mill |
| 2:12 | Peon |
| 2:15 | Wind Walk |
| 2:19 | Peon |
| 2:24 | Orc Burrow |
| 2:39 | Peon |
| 2:39 | Peon |
| 4:01 | Great Hall |
| 4:15 | Voodoo Lounge |
| 4:18 | Orc Burrow |
| 4:26 | Peon |
| 4:26 | Peon |
| 5:07 | Peon |
| 5:13 | War Mill |
| 5:27 | Watch Tower |
| 6:11 | Critical Strike |
| 7:05 | Stronghold |
| 7:14 | Healing Salve |
| 7:17 | Lesser Clarity Potion |
| 7:32 | Spiked Barricades |
| 10:07 | Fortress |
| 10:14 | Spirit Lodge |
| 10:25 | Reinforced Defenses |
| 11:33 | Cloak of Flames |
| 11:42 | Pendant of Energy |
| 11:50 | Witch Doctor Adept Training |
| 11:53 | Beastiary |
| 12:24 | Boots of Speed |
| 12:24 | Staff of Teleportation |
| 12:51 | Witch Doctor Master Training |
| 13:03 | Orb of Lightning |
| 13:42 | War Drums Damage Increase |
| 13:43 | Liquid Fire |
| 14:09 | Troll Witch Doctor |
| 14:09 | Troll Witch Doctor |
| 14:09 | Troll Witch Doctor |
| 14:09 | Troll Witch Doctor |
| 14:41 | Wind Walk |
| 16:13 | Orc Burrow |
| 16:30 | Legion Doom-Horn |
| 16:36 | Khadgar's Pipe of Insight |
| 17:34 | Improved Spiked Barricades |
| 17:59 | Replenishment Potion |
| 18:41 | Shaman Adept Training |
| 18:43 | Kodo Beast |
| 18:43 | Kodo Beast |
| 21:22 | Altar of Storms |
| 25:43 | Critical Strike |
| 27:42 | Critical Strike |
| 30:20 | Great Hall |
| 32:30 | Bladestorm |
| 36:16 | Backpack |
| 36:37 | Shaman Master Training |
| 38:13 | Orc Burrow |
| 38:17 | Orc Burrow |
| 38:59 | Wind Walk |
| Right click | 1478 |
| Misc. action | 219 |
| Select | 219 |
| Select group | 159 |
| Build/train/purchase | 111 |
| Chat | 89 |
| Resource trade | 67 |
| Use ability | 35 |
| Minimap ping | 12 |
| Item give/drop | 7 |
| Assign group | 3 |
| Remove unit | 3 |
DudeWhy
(236)
(39:50) : 

| Boots of Speed | 1 | 250 |
| Healing Salve | 2 | 200 |
| Orb of Lightning | 1 | 375 |
| total: | 4 | 825g |
| Peasant | 29 | 2175 | / | 0 |
| Mortar Team | 22 | 3960 | / | 1540 |
| total: | 51 | 6135g | / | 1540w |
| Scout Tower | 39 | 1170 | / | 780 |
| Arcane Tower | 5 | 350 | / | 250 |
| Guard Tower | 9 | 630 | / | 450 |
| Altar of Kings | 1 | 180 | / | 50 |
| Farm | 17 | 1360 | / | 340 |
| Lumber Mill | 2 | 240 | / | 0 |
| Town Hall | 2 | 770 | / | 410 |
| Blacksmith | 1 | 140 | / | 60 |
| Cannon Tower | 1 | 120 | / | 100 |
| Workshop | 3 | 420 | / | 420 |
| Keep | 1 | 320 | / | 210 |
| Castle | 1 | 360 | / | 210 |
| total: | 65 | 4280g | / | 2060w |
| 0:04 | Peasant |
| 0:07 | Peasant |
| 0:20 | Altar of Kings |
| 0:21 | Peasant |
| 0:36 | Farm |
| 0:37 | Peasant |
| 0:53 | Peasant |
| 0:57 | Peasant |
| 1:09 | Lumber Mill |
| 1:11 | Peasant |
| 1:12 | Farm |
| 1:48 | Peasant |
| 1:51 | Scout Tower |
| 1:52 | Peasant |
| 2:19 | Storm Bolt |
| 2:26 | Arcane Tower |
| 2:28 | Peasant |
| 2:28 | Peasant |
| 2:28 | Peasant |
| 2:30 | Improved Lumber Harvesting |
| 2:34 | Farm |
| 2:52 | Peasant |
| 3:11 | Peasant |
| 3:12 | Scout Tower |
| 3:13 | Scout Tower |
| 3:16 | Scout Tower |
| 3:17 | Scout Tower |
| 3:18 | Scout Tower |
| 3:32 | Improved Masonry |
| 3:47 | Town Hall |
| 3:53 | Scout Tower |
| 4:02 | Guard Tower |
| 4:03 | Peasant |
| 4:04 | Peasant |
| 4:04 | Peasant |
| 4:17 | Guard Tower |
| 4:18 | Scout Tower |
| 5:10 | Keep |
| 5:11 | Arcane Tower |
| 5:14 | Guard Tower |
| 5:15 | Peasant |
| 5:15 | Peasant |
| 5:16 | Guard Tower |
| 5:17 | Scout Tower |
| 5:18 | Scout Tower |
| 5:19 | Scout Tower |
| 5:20 | Scout Tower |
| 5:20 | Scout Tower |
| 5:33 | Healing Salve |
| 5:36 | Healing Salve |
| 6:12 | Guard Tower |
| 6:42 | Bash |
| 6:43 | Bash |
| 6:44 | Bash |
| 7:09 | Blacksmith |
| 7:17 | Guard Tower |
| 7:19 | Peasant |
| 7:47 | Castle |
| 8:50 | Black Gunpowder |
| 8:57 | Workshop |
| 9:01 | Advanced Lumber Harvesting |
| 9:02 | Advanced Masonry |
| 9:04 | Guard Tower |
| 9:14 | Holy Light |
| 11:15 | Storm Bolt |
| 11:16 | Storm Bolt |
| 11:18 | Storm Bolt |
| 11:25 | Refined Gunpowder |
| 11:29 | Fragmentation Shards |
| 11:29 | Mortar Team |
| 11:29 | Mortar Team |
| 11:33 | Scout Tower |
| 11:34 | Scout Tower |
| 11:36 | Scout Tower |
| 11:36 | Scout Tower |
| 11:37 | Scout Tower |
| 11:40 | Scout Tower |
| 11:41 | Scout Tower |
| 11:41 | Scout Tower |
| 11:42 | Scout Tower |
| 11:43 | Scout Tower |
| 11:43 | Scout Tower |
| 11:55 | Imbued Masonry |
| 12:35 | Boots of Speed |
| 12:46 | Guard Tower |
| 13:04 | Guard Tower |
| 13:52 | Flare |
| 13:59 | Farm |
| 14:00 | Farm |
| 15:34 | Imbued Gunpowder |
| 15:37 | Mortar Team |
| 15:37 | Mortar Team |
| 17:02 | Farm |
| 17:03 | Farm |
| 17:07 | Iron Plating |
| 17:07 | Studded Leather Armor |
| 17:15 | Arcane Tower |
| 17:18 | Scout Tower |
| 17:30 | Divine Shield |
| 18:22 | Town Hall |
| 18:53 | Arcane Tower |
| 20:45 | Mortar Team |
| 20:45 | Mortar Team |
| 20:45 | Mortar Team |
| 22:32 | Divine Shield |
| 22:34 | Divine Shield |
| 23:09 | Farm |
| 23:10 | Farm |
| 23:11 | Farm |
| 24:01 | Bash |
| 24:03 | Bash |
| 24:04 | Holy Light |
| 24:35 | Peasant |
| 24:35 | Peasant |
| 24:35 | Peasant |
| 24:44 | Farm |
| 24:45 | Farm |
| 24:46 | Farm |
| 26:57 | Mortar Team |
| 26:57 | Mortar Team |
| 28:07 | Mortar Team |
| 29:56 | Bash |
| 29:59 | Holy Light |
| 30:21 | Peasant |
| 30:21 | Peasant |
| 30:21 | Peasant |
| 30:26 | Orb of Lightning |
| 31:08 | Peasant |
| 31:08 | Peasant |
| 31:09 | Peasant |
| 31:29 | Scout Tower |
| 31:30 | Scout Tower |
| 31:31 | Scout Tower |
| 31:32 | Scout Tower |
| 31:32 | Scout Tower |
| 31:33 | Scout Tower |
| 31:33 | Scout Tower |
| 31:35 | Scout Tower |
| 31:35 | Scout Tower |
| 31:36 | Scout Tower |
| 32:01 | Cannon Tower |
| 33:25 | Arcane Tower |
| 33:27 | Scout Tower |
| 33:27 | Scout Tower |
| 33:28 | Scout Tower |
| 33:28 | Scout Tower |
| 34:36 | Storm Bolt |
| 34:38 | Divine Shield |
| 34:39 | Divine Shield |
| 35:09 | Workshop |
| 35:12 | Workshop |
| 35:15 | Mortar Team |
| 35:15 | Mortar Team |
| 35:15 | Mortar Team |
| 35:15 | Mortar Team |
| 35:15 | Mortar Team |
| 36:50 | Mortar Team |
| 36:51 | Mortar Team |
| 36:52 | Farm |
| 36:55 | Farm |
| 36:56 | Farm |
| 36:57 | Farm |
| 37:01 | Lumber Mill |
| 39:47 | Mortar Team |
| 39:48 | Mortar Team |
| 39:48 | Mortar Team |
| 39:48 | Mortar Team |
| 39:48 | Mortar Team |
| Right click | 1969 |
| Select group | 624 |
| Select | 284 |
| Use ability | 144 |
| Misc. action | 141 |
| Build/train/purchase | 120 |
| Resource trade | 73 |
| Minimap ping | 21 |
| Assign group | 14 |
| Item give/drop | 1 |
188 units @ 26.9k
/ 4.5k
144 buildings @ 18.2k
/ 8.7k


| Scroll of Regeneration | 1 | 100 |
| Scroll of Town Portal | 2 | 700 |
| total: | 3 | 800g |
| Peasant | 20 | 1500 | / | 0 |
| Rifleman | 21 | 4305 | / | 630 |
| Gryphon Rider | 3 | 840 | / | 210 |
| Mortar Team | 6 | 1080 | / | 420 |
| Flying Machine | 17 | 1700 | / | 510 |
| Sorceress | 2 | 310 | / | 40 |
| Priest | 2 | 270 | / | 20 |
| Necromancer | 6 | 870 | / | 120 |
| Banshee | 1 | 155 | / | 30 |
| total: | 78 | 11030g | / | 1980w |
| Scout Tower | 36 | 1080 | / | 720 |
| Guard Tower | 36 | 2520 | / | 1800 |
| Altar of Kings | 1 | 180 | / | 50 |
| Farm | 14 | 1120 | / | 280 |
| Blacksmith | 1 | 140 | / | 60 |
| Barracks | 1 | 160 | / | 60 |
| Arcane Vault | 1 | 130 | / | 30 |
| Lumber Mill | 1 | 120 | / | 0 |
| Town Hall | 2 | 770 | / | 410 |
| Gryphon Aviary | 3 | 420 | / | 450 |
| Workshop | 2 | 280 | / | 280 |
| Keep | 2 | 640 | / | 420 |
| Castle | 1 | 360 | / | 210 |
| total: | 62 | 4400g | / | 2340w |
| 0:02 | Peasant |
| 0:03 | Peasant |
| 0:04 | Peasant |
| 0:09 | Peasant |
| 0:10 | Peasant |
| 0:12 | Peasant |
| 0:13 | Peasant |
| 0:53 | Altar of Kings |
| 0:54 | Farm |
| 0:57 | Blacksmith |
| 0:59 | Peasant |
| 1:05 | Peasant |
| 1:23 | Farm |
| 1:26 | Farm |
| 1:32 | Farm |
| 1:54 | Barracks |
| 1:59 | Peasant |
| 1:59 | Peasant |
| 1:59 | Peasant |
| 2:01 | Peasant |
| 2:11 | Farm |
| 2:15 | Farm |
| 2:49 | Arcane Vault |
| 2:54 | Lumber Mill |
| 2:57 | Thunder Clap |
| 2:59 | Rifleman |
| 3:08 | Farm |
| 3:28 | Rifleman |
| 3:44 | Farm |
| 3:55 | Rifleman |
| 4:16 | Rifleman |
| 4:27 | Farm |
| 4:44 | Rifleman |
| 5:06 | Farm |
| 5:10 | Rifleman |
| 5:24 | Bash |
| 5:35 | Rifleman |
| 5:45 | Farm |
| 6:21 | Storm Bolt |
| 6:28 | Keep |
| 6:34 | Scout Tower |
| 6:37 | Black Gunpowder |
| 6:38 | Studded Leather Armor |
| 7:26 | Town Hall |
| 7:40 | Scout Tower |
| 7:41 | Guard Tower |
| 7:43 | Improved Masonry |
| 7:55 | Scroll of Regeneration |
| 8:11 | Guard Tower |
| 8:14 | Scout Tower |
| 9:36 | Peasant |
| 9:36 | Peasant |
| 9:36 | Peasant |
| 9:46 | Guard Tower |
| 9:48 | Scout Tower |
| 9:49 | Peasant |
| 9:49 | Peasant |
| 10:12 | Scout Tower |
| 10:18 | Guard Tower |
| 10:20 | Scout Tower |
| 10:41 | Guard Tower |
| 10:43 | Scout Tower |
| 10:50 | Rifleman |
| 10:51 | Rifleman |
| 10:51 | Rifleman |
| 10:51 | Rifleman |
| 10:52 | Long Rifles |
| 11:04 | Gryphon Aviary |
| 11:06 | Gryphon Aviary |
| 11:17 | Guard Tower |
| 11:23 | Scout Tower |
| 11:51 | Guard Tower |
| 11:53 | Scout Tower |
| 11:55 | Guard Tower |
| 12:01 | Gryphon Aviary |
| 12:04 | Castle |
| 12:12 | Iron Forged Swords |
| 12:14 | Refined Gunpowder |
| 12:14 | Reinforced Leather Armor |
| 12:25 | Guard Tower |
| 12:27 | Scout Tower |
| 12:40 | Storm Bolt |
| 13:46 | Steel Forged Swords |
| 13:49 | Scout Tower |
| 13:50 | Guard Tower |
| 14:21 | Guard Tower |
| 14:23 | Scout Tower |
| 15:07 | Storm Hammers |
| 15:08 | Gryphon Rider |
| 15:08 | Gryphon Rider |
| 15:10 | Improved Lumber Harvesting |
| 15:19 | Scout Tower |
| 15:46 | Scout Tower |
| 15:51 | Guard Tower |
| 15:53 | Scout Tower |
| 15:54 | Guard Tower |
| 16:19 | Guard Tower |
| 16:27 | Scout Tower |
| 16:46 | Guard Tower |
| 16:47 | Scout Tower |
| 16:57 | Scroll of Town Portal |
| 17:09 | Guard Tower |
| 17:12 | Scout Tower |
| 17:23 | Guard Tower |
| 17:24 | Scout Tower |
| 17:59 | Guard Tower |
| 18:00 | Scout Tower |
| 18:05 | Scout Tower |
| 18:06 | Guard Tower |
| 18:27 | Guard Tower |
| 18:29 | Scout Tower |
| 18:34 | Guard Tower |
| 18:36 | Scout Tower |
| 18:45 | Summon Lava Spawn |
| 19:16 | Guard Tower |
| 19:17 | Scout Tower |
| 19:21 | Scout Tower |
| 19:22 | Guard Tower |
| 19:51 | Guard Tower |
| 19:53 | Scout Tower |
| 20:08 | Guard Tower |
| 20:10 | Scout Tower |
| 20:36 | Guard Tower |
| 20:44 | Guard Tower |
| 20:46 | Scout Tower |
| 20:54 | Scout Tower |
| 21:20 | Guard Tower |
| 21:21 | Scout Tower |
| 21:28 | Farm |
| 21:31 | Workshop |
| 21:32 | Guard Tower |
| 21:36 | Workshop |
| 21:39 | Advanced Lumber Harvesting |
| 21:42 | Peasant |
| 21:42 | Peasant |
| 22:34 | Scroll of Town Portal |
| 22:53 | Flare |
| 22:54 | Mortar Team |
| 22:54 | Mortar Team |
| 22:54 | Mortar Team |
| 23:13 | Guard Tower |
| 23:15 | Scout Tower |
| 23:18 | Farm |
| 24:25 | Guard Tower |
| 24:27 | Scout Tower |
| 24:36 | Incinerate |
| 24:55 | Guard Tower |
| 24:59 | Scout Tower |
| 25:02 | Rifleman |
| 25:02 | Rifleman |
| 25:02 | Rifleman |
| 25:02 | Rifleman |
| 25:02 | Rifleman |
| 25:06 | Fragmentation Shards |
| 25:06 | Mortar Team |
| 25:07 | Mortar Team |
| 25:07 | Mortar Team |
| 25:49 | Guard Tower |
| 25:52 | Scout Tower |
| 25:55 | Farm |
| 26:20 | Mithril Forged Swords |
| 26:21 | Imbued Gunpowder |
| 26:31 | Guard Tower |
| 26:34 | Scout Tower |
| 27:22 | Guard Tower |
| 27:23 | Scout Tower |
| 27:27 | Rifleman |
| 27:27 | Rifleman |
| 27:28 | Rifleman |
| 27:28 | Rifleman |
| 27:28 | Rifleman |
| 27:31 | Gryphon Rider |
| 27:50 | Guard Tower |
| 27:54 | Advanced Masonry |
| 29:30 | Keep |
| 31:03 | Dragonhide Armor |
| 31:08 | Flying Machine Bombs |
| 31:08 | Flak Cannons |
| 31:10 | Flying Machine |
| 31:10 | Flying Machine |
| 31:52 | Flying Machine |
| 31:53 | Flying Machine |
| 31:54 | Flying Machine |
| 33:06 | Flying Machine |
| 33:42 | Town Hall |
| 35:42 | Iron Plating |
| 35:45 | Flying Machine |
| 35:45 | Flying Machine |
| 35:45 | Flying Machine |
| 36:17 | Flying Machine |
| 36:17 | Flying Machine |
| 36:17 | Flying Machine |
| 36:18 | Flying Machine |
| 36:18 | Flying Machine |
| 36:33 | Necromancer |
| 36:33 | Banshee |
| 36:33 | Necromancer |
| 36:33 | Necromancer |
| 36:33 | Necromancer |
| 36:34 | Necromancer |
| 36:34 | Necromancer |
| 36:44 | Sorceress |
| 36:44 | Priest |
| 36:44 | Sorceress |
| 36:45 | Priest |
| 37:43 | Steel Plating |
| 39:07 | Flying Machine |
| 39:07 | Flying Machine |
| 39:07 | Flying Machine |
| Right click | 1060 |
| Select | 722 |
| Misc. action | 353 |
| Build/train/purchase | 173 |
| Chat | 71 |
| Use ability | 34 |
| Minimap ping | 28 |
| Item give/drop | 1 |


| Lesser Clarity Potion | 3 | 210 |
| Scroll of Regeneration | 4 | 400 |
| Potion of Healing | 6 | 900 |
| Potion of Mana | 4 | 800 |
| Scroll of Town Portal | 4 | 1400 |
| total: | 21 | 3710g |
| Peasant | 16 | 1200 | / | 0 |
| Footman | 6 | 810 | / | 0 |
| Spell Breaker | 7 | 1505 | / | 210 |
| Priest | 5 | 675 | / | 50 |
| Knight | 3 | 735 | / | 180 |
| Flying Machine | 6 | 600 | / | 180 |
| Mortar Team | 3 | 540 | / | 210 |
| Goblin Shredder | 1 | 375 | / | 100 |
| total: | 47 | 6440g | / | 930w |
| Scout Tower | 8 | 240 | / | 160 |
| Arcane Tower | 1 | 70 | / | 50 |
| Guard Tower | 4 | 280 | / | 200 |
| Altar of Kings | 1 | 180 | / | 50 |
| Barracks | 1 | 160 | / | 60 |
| Farm | 10 | 800 | / | 200 |
| Arcane Vault | 1 | 130 | / | 30 |
| Town Hall | 8 | 3080 | / | 1640 |
| Blacksmith | 1 | 140 | / | 60 |
| Lumber Mill | 1 | 120 | / | 0 |
| Arcane Sanctum | 2 | 300 | / | 280 |
| Workshop | 2 | 280 | / | 280 |
| Keep | 2 | 640 | / | 420 |
| Castle | 2 | 720 | / | 420 |
| total: | 35 | 5430g | / | 2760w |
| 0:05 | Peasant |
| 0:05 | Peasant |
| 0:09 | Altar of Kings |
| 0:11 | Barracks |
| 0:30 | Farm |
| 0:41 | Peasant |
| 0:51 | Peasant |
| 1:07 | Farm |
| 1:12 | Peasant |
| 1:23 | Footman |
| 1:30 | Peasant |
| 1:44 | Footman |
| 1:47 | Scout Tower |
| 2:02 | Peasant |
| 2:06 | Footman |
| 2:13 | Storm Bolt |
| 2:27 | Arcane Tower |
| 2:28 | Peasant |
| 2:32 | Farm |
| 2:59 | Keep |
| 3:19 | Footman |
| 3:40 | Arcane Vault |
| 3:54 | Footman |
| 4:16 | Lesser Clarity Potion |
| 4:16 | Scroll of Regeneration |
| 4:18 | Scroll of Regeneration |
| 4:18 | Lesser Clarity Potion |
| 4:54 | Bash |
| 5:21 | Town Hall |
| 6:09 | Peasant |
| 6:11 | Peasant |
| 6:24 | Farm |
| 6:28 | Holy Light |
| 6:50 | Peasant |
| 6:50 | Peasant |
| 6:57 | Peasant |
| 7:10 | Goblin Shredder |
| 7:21 | Storm Bolt |
| 7:43 | Footman |
| 8:05 | Devotion Aura |
| 8:24 | Arcane Sanctum |
| 8:28 | Blacksmith |
| 8:43 | Potion of Healing |
| 8:45 | Potion of Mana |
| 8:47 | Potion of Mana |
| 8:51 | Potion of Healing |
| 8:51 | Lesser Clarity Potion |
| 8:52 | Potion of Healing |
| 8:52 | Scroll of Regeneration |
| 9:01 | Spell Breaker |
| 9:21 | Castle |
| 9:23 | Arcane Sanctum |
| 10:03 | Spell Breaker |
| 10:04 | Iron Forged Swords |
| 10:29 | Scout Tower |
| 10:55 | Holy Light |
| 11:02 | Iron Plating |
| 11:04 | Spell Breaker |
| 11:14 | Steel Forged Swords |
| 11:15 | Magic Sentry |
| 11:17 | Control Magic |
| 11:19 | Spell Breaker |
| 11:26 | Bash |
| 12:14 | Priest |
| 12:26 | Farm |
| 12:27 | Farm |
| 12:28 | Farm |
| 12:31 | Steel Plating |
| 12:49 | Lumber Mill |
| 13:28 | Priest |
| 13:30 | Workshop |
| 13:32 | Workshop |
| 13:36 | Spell Breaker |
| 13:36 | Spell Breaker |
| 13:37 | Spell Breaker |
| 13:47 | Scroll of Town Portal |
| 13:48 | Potion of Healing |
| 13:48 | Potion of Mana |
| 13:59 | Knight |
| 14:01 | Guard Tower |
| 14:02 | Priest |
| 14:02 | Priest Adept Training |
| 14:09 | Priest |
| 14:43 | Black Gunpowder |
| 14:43 | Mithril Forged Swords |
| 14:46 | Farm |
| 14:46 | Farm |
| 14:47 | Farm |
| 14:49 | Animal War Training |
| 14:49 | Knight |
| 15:20 | Flying Machine |
| 15:20 | Flying Machine |
| 15:20 | Flying Machine |
| 15:29 | Town Hall |
| 15:52 | Town Hall |
| 16:25 | Scout Tower |
| 16:26 | Scout Tower |
| 16:28 | Scout Tower |
| 16:30 | Scout Tower |
| 16:32 | Scout Tower |
| 16:42 | Mortar Team |
| 16:43 | Mortar Team |
| 17:12 | Guard Tower |
| 17:16 | Scout Tower |
| 17:28 | Scroll of Town Portal |
| 17:32 | Scroll of Town Portal |
| 17:58 | Guard Tower |
| 18:53 | Keep |
| 21:23 | Divine Shield |
| 21:30 | Town Hall |
| 23:36 | Castle |
| 23:51 | Scroll of Town Portal |
| 23:54 | Potion of Healing |
| 24:09 | Town Hall |
| 24:34 | Town Hall |
| 25:22 | Flare |
| 25:52 | Refined Gunpowder |
| 25:54 | Flying Machine |
| 25:54 | Flying Machine |
| 25:59 | Priest Master Training |
| 26:29 | Peasant |
| 26:29 | Peasant |
| 26:29 | Peasant |
| 27:16 | Town Hall |
| 28:04 | Knight |
| 28:05 | Priest |
| 28:38 | Flying Machine |
| 28:55 | Mortar Team |
| 30:31 | Storm Bolt |
| 31:52 | Town Hall |
| 32:56 | Potion of Healing |
| 32:57 | Scroll of Regeneration |
| 33:00 | Potion of Mana |
| Right click | 985 |
| Select group | 960 |
| Select | 698 |
| Misc. action | 307 |
| Build/train/purchase | 173 |
| Assign group | 62 |
| Use ability | 59 |
| Resource trade | 10 |
| Minimap ping | 9 |
| Item give/drop | 7 |
| Remove unit | 6 |


| Orb of Venom | 1 | 325 |
| Circlet of Nobility | 1 | 175 |
| Cloak of Flames | 1 | 500 |
| total: | 3 | 1000g |
| Wisp | 18 | 1080 | / | 0 |
| Archer | 5 | 650 | / | 50 |
| Dryad | 2 | 290 | / | 120 |
| Mountain Giant | 6 | 2100 | / | 600 |
| total: | 31 | 4120g | / | 770w |
| Ancient Protector | 6 | 810 | / | 480 |
| Altar of Elders | 1 | 180 | / | 50 |
| Moon Well | 6 | 1080 | / | 240 |
| Ancient of War | 1 | 150 | / | 60 |
| Ancient of Wonders | 1 | 90 | / | 30 |
| Hunter's Hall | 1 | 210 | / | 100 |
| Tree of Life | 5 | 1700 | / | 925 |
| Ancient of Lore | 2 | 310 | / | 290 |
| Tree of Ages | 1 | 320 | / | 180 |
| Tree of Eternity | 2 | 660 | / | 400 |
| total: | 23 | 4530g | / | 2175w |
| 0:02 | Wisp |
| 0:02 | Wisp |
| 0:02 | Wisp |
| 0:20 | Wisp |
| 0:32 | Altar of Elders |
| 0:46 | Moon Well |
| 0:50 | Wisp |
| 1:00 | Ancient of War |
| 1:10 | Wisp |
| 1:16 | Wisp |
| 1:34 | Moon Well |
| 1:53 | Wisp |
| 2:04 | Ancient of Wonders |
| 2:08 | Archer |
| 2:09 | Archer |
| 2:11 | Wisp |
| 2:12 | Wisp |
| 2:22 | Moon Well |
| 2:40 | Hunter's Hall |
| 2:50 | Archer |
| 2:55 | Mana Burn |
| 3:07 | Archer |
| 3:31 | Tree of Ages |
| 4:03 | Evasion |
| 4:11 | Moon Well |
| 4:18 | Ancient Protector |
| 4:31 | Ancient Protector |
| 4:44 | Archer |
| 5:26 | Moon Well |
| 6:17 | Mana Burn |
| 6:21 | Circlet of Nobility |
| 6:34 | Ancient of Lore |
| 6:39 | Ancient of Lore |
| 6:41 | Wisp |
| 6:41 | Wisp |
| 6:42 | Wisp |
| 6:53 | Improved Bows |
| 7:53 | Dryad |
| 7:54 | Dryad |
| 7:59 | Tree of Eternity |
| 8:22 | Mountain Giant |
| 8:23 | Mountain Giant |
| 8:48 | Mountain Giant |
| 9:21 | Reinforced Hides |
| 9:41 | Mountain Giant |
| 10:43 | Resistant Skin |
| 10:44 | Hardened Skin |
| 10:50 | Well Spring |
| 10:53 | Moon Well |
| 10:54 | Wisp |
| 10:55 | Wisp |
| 11:41 | Breath of Fire |
| 11:58 | Mountain Giant |
| 11:59 | Mountain Giant |
| 12:08 | Orb of Venom |
| 13:00 | Cloak of Flames |
| 13:31 | Improved Reinforced Hides |
| 15:03 | Drunken Brawler |
| 15:05 | Evasion |
| 15:33 | Tree of Life |
| 15:37 | Ancient Protector |
| 16:58 | Ancient Protector |
| 17:39 | Ancient Protector |
| 17:42 | Ancient Protector |
| 20:42 | Breath of Fire |
| 24:36 | Tree of Life |
| 24:42 | Tree of Life |
| 26:05 | Tree of Life |
| 26:20 | Tree of Life |
| 27:08 | Mana Burn |
| 29:11 | Wisp |
| 29:11 | Wisp |
| 29:45 | Wisp |
| Right click | 871 |
| Select | 302 |
| Select group | 218 |
| Build/train/purchase | 97 |
| Misc. action | 87 |
| Assign group | 28 |
| Minimap ping | 28 |
| Use ability | 22 |
| Item give/drop | 6 |
| Remove unit | 1 |
| Esc | 1 |


| Rod of Necromancy | 2 | 300 |
| Orb of Corruption | 1 | 375 |
| Scroll of Healing | 1 | 250 |
| Scroll of Town Portal | 2 | 700 |
| Gloves of Haste | 1 | 125 |
| Khadgar's Pipe of Insight | 1 | 500 |
| Helm of Valor | 1 | 500 |
| Ancient Janggo of Endurance | 1 | 500 |
| total: | 10 | 3250g |
| Acolyte | 8 | 600 | / | 0 |
| Ghoul | 4 | 480 | / | 0 |
| Crypt Fiend | 10 | 2150 | / | 400 |
| Obsidian Statue | 3 | 600 | / | 105 |
| Meat Wagon | 3 | 690 | / | 150 |
| Necromancer | 3 | 435 | / | 60 |
| Goblin Shredder | 1 | 375 | / | 100 |
| total: | 32 | 5330g | / | 815w |
| Nerubian Tower | 8 | 800 | / | 160 |
| Spirit Tower | 4 | 580 | / | 160 |
| Crypt | 1 | 200 | / | 50 |
| Altar of Darkness | 1 | 180 | / | 50 |
| Ziggurat | 14 | 2100 | / | 700 |
| Tomb of Relics | 1 | 130 | / | 30 |
| Graveyard | 1 | 215 | / | 0 |
| Necropolis | 2 | 450 | / | 0 |
| Slaughterhouse | 2 | 280 | / | 270 |
| Temple of the Damned | 2 | 310 | / | 280 |
| Halls of the Dead | 1 | 320 | / | 210 |
| Black Citadel | 1 | 325 | / | 230 |
| total: | 24 | 3865g | / | 1380w |
| 0:02 | Acolyte |
| 0:13 | Crypt |
| 0:14 | Altar of Darkness |
| 0:21 | Acolyte |
| 0:22 | Ziggurat |
| 0:51 | Tomb of Relics |
| 1:18 | Ghoul |
| 1:25 | Ziggurat |
| 1:37 | Ghoul |
| 1:56 | Ghoul |
| 2:20 | Death Coil |
| 2:21 | Rod of Necromancy |
| 2:23 | Ghoul |
| 2:33 | Halls of the Dead |
| 3:22 | Graveyard |
| 3:24 | Nerubian Tower |
| 3:28 | Ziggurat |
| 4:10 | Unholy Aura |
| 4:46 | Crypt Fiend |
| 5:04 | Rod of Necromancy |
| 5:09 | Black Citadel |
| 5:28 | Crypt Fiend |
| 5:40 | Nerubian Tower |
| 6:17 | Frost Nova |
| 6:22 | Goblin Shredder |
| 6:39 | Crypt Fiend |
| 7:00 | Slaughterhouse |
| 7:40 | Death Coil |
| 7:41 | Dark Ritual |
| 7:52 | Acolyte |
| 7:52 | Acolyte |
| 7:52 | Acolyte |
| 8:00 | Crypt Fiend |
| 8:18 | Obsidian Statue |
| 8:26 | Ziggurat |
| 8:28 | Spirit Tower |
| 9:23 | Necropolis |
| 9:26 | Acolyte |
| 10:21 | Frost Nova |
| 10:29 | Obsidian Statue |
| 10:42 | Gloves of Haste |
| 11:33 | Ziggurat |
| 11:35 | Ziggurat |
| 11:37 | Ziggurat |
| 11:38 | Acolyte |
| 11:40 | Ziggurat |
| 11:44 | Crypt Fiend |
| 11:45 | Destroyer Form |
| 12:04 | Nerubian Tower |
| 12:07 | Ziggurat |
| 12:25 | Web |
| 12:25 | Ghoul Frenzy |
| 12:26 | Cannibalize |
| 12:28 | Nerubian Tower |
| 12:29 | Spirit Tower |
| 12:32 | Spirit Tower |
| 12:33 | Nerubian Tower |
| 12:48 | Temple of the Damned |
| 13:19 | Khadgar's Pipe of Insight |
| 13:32 | Creature Attack |
| 13:41 | Obsidian Statue |
| 13:55 | Banshee Adept Training |
| 14:07 | Ziggurat |
| 14:12 | Ziggurat |
| 14:30 | Ziggurat |
| 14:47 | Orb of Corruption |
| 14:52 | Scroll of Healing |
| 14:56 | Crypt Fiend |
| 15:16 | Helm of Valor |
| 16:20 | Spirit Tower |
| 16:23 | Ziggurat |
| 16:25 | Banshee Master Training |
| 16:31 | Unholy Aura |
| 17:15 | Nerubian Tower |
| 17:16 | Nerubian Tower |
| 17:47 | Scroll of Town Portal |
| 17:52 | Improved Creature Attack |
| 17:58 | Acolyte |
| 19:20 | Skeletal Mastery |
| 19:20 | Necromancer Adept Training |
| 19:23 | Temple of the Damned |
| 19:25 | Slaughterhouse |
| 20:11 | Advanced Creature Attack |
| 20:12 | Creature Carapace |
| 20:48 | Disease Cloud |
| 20:49 | Exhume Corpses |
| 20:50 | Necromancer Master Training |
| 22:17 | Meat Wagon |
| 22:18 | Necromancer |
| 22:48 | Unholy Strength |
| 22:51 | Necromancer |
| 22:51 | Necromancer |
| 23:11 | Meat Wagon |
| 23:34 | Meat Wagon |
| 23:45 | Ziggurat |
| 24:12 | Scroll of Town Portal |
| 24:30 | Improved Unholy Strength |
| 24:31 | Unholy Armor |
| 29:08 | Crypt Fiend |
| 29:08 | Crypt Fiend |
| 30:23 | Dark Ritual |
| 30:51 | Crypt Fiend |
| 30:52 | Crypt Fiend |
| 31:20 | Necropolis |
| 32:13 | Ancient Janggo of Endurance |
| Select group | 1013 |
| Right click | 947 |
| Select | 504 |
| Build/train/purchase | 114 |
| Misc. action | 87 |
| Use ability | 72 |
| Assign group | 30 |
| Resource trade | 13 |
| Item give/drop | 6 |
| Minimap ping | 4 |
| Remove unit | 2 |
⇛